 Dungeon Crawl Stone Soup version 0.30-a0-726-gd89dcf765f (webtiles) character file.

Game seed: 13137006675735914959

694 Legacy the Shooter (level 7, -15/36 HPs)
             Began as a Spriggan Hunter on Jan 30, 2023.
             Demolished by an ogre
             ... wielding a +0 giant club
              (28 damage)
             ... on level 5 of the Dungeon.
             The game lasted 00:11:58 (4210 turns).

Legacy the Shooter (Spriggan Hunter)                Turns: 4210, Time: 00:11:58

Health: -15/36     AC:  3    Str:  2    XL:     7   Next: 37%
Magic:  21/21      EV: 19    Int: 11    God:
Gold:   282        SH:  0    Dex: 20    Spells: 9/12 levels left

rFire   . . .      SeeInvis +    a - +0 shortbow
rCold   . . .      Faith    .    (shield currently unavailable)
rNeg    . . .      Spirit   .    k - +1 robe of Bumim {+Blink rElec Str-5 Stlth+}
rPois   .          Reflect  .    (helmet restricted)
rElec   +          Harm     .    (no cloak)
rCorr   .          Rampage  .    (gloves unavailable)
Will    +....                    (boots unavailable)
Stlth   ++++                     l - amulet of the acrobat
HPRegen 0.26/turn                p - ring of magical power
MPRegen 0.17/turn                (no ring)

@: very quick
A: very small, no large weapons, unfitting armour, see invisible, speed 3
a: Evoke Blink


You were on level 5 of the Dungeon.
You visited 1 branch of the dungeon, and saw 5 of its levels.

You collected 282 gold pieces.

Inventory:

Hand Weapons
 a - a +0 shortbow (weapon)
 f - a +0 spear
 g - a +1 short sword of draining
Armour
 c - a +0 robe
 k - the +1 robe of Bumim (worn) {+Blink rElec Str-5 Stlth+}
   (You found it on level 3 of the Dungeon)

   Str:       It affects your strength (-5).
   rElec:     It insulates you from electricity.
   +Blink:    It lets you blink.
   Stlth:     It makes you more stealthy.
Jewellery
 l - an amulet of the acrobat (around neck)
 p - a ring of magical power (left hand)
Wands
 i - a wand of quicksilver (2)
 s - a wand of charming (6)
Scrolls
 b - 3 scrolls of immolation
 e - a scroll of noise
 j - 2 scrolls of teleportation
 o - a scroll of blinking
 q - a scroll of silence
 r - a scroll of poison {unknown}
Potions
 d - a potion of heal wounds {unknown}
 h - 2 potions of curing
 m - a potion of brilliance {unknown}
 n - a potion of mutation {unknown}


   Skills:
 * Level 3.5 Fighting
 + Level 6.8 Ranged Weapons
 * Level 4.0 Dodging
 * Level 4.1 Stealth
 * Level 3.0 Spellcasting
 + Level 0.1 Evocations


You had 9 spell levels left.
You knew the following spells:

 Your Spells              Type           Power      Damage    Failure   Level
a - Swiftness             Air            1%         N/A       61%         3

Your spell library contained the following spells:

 Spells                   Type           Power      Damage    Failure   Level
 Ensorcelled Hibernation  Hex/Ice        2%         N/A       36%         2
 Passwall                 Tmut/Erth      0%         N/A       36%         2


Dungeon Overview and Level Annotations

Branches:
Dungeon (5/15)
 Temple: D:4-7

Altars:
Ru

Shops:
D:3 *


Innate Abilities, Weirdness & Mutations

You are very small and have problems with some larger weapons.
You are too small for most types of armour.
You have supernaturally acute eyesight. (SInv)
You cover ground extremely quickly. (Speed+++)


Message History

The arrow hits the adder but does no damage.
The adder is heavily wounded.
The adder bites you but does no damage. The adder completely misses you.
You shoot an arrow. The arrow hits the adder!
You kill the adder!
You see here an adder corpse.
You now have 282 gold pieces (gained 8).
An ogre comes into view. It is wielding a +0 giant club.
Found a pair of gloves.
You shoot an arrow. The arrow hits the ogre!
The ogre shouts!
The ogre is moderately wounded.
You shoot an arrow. The arrow hits the ogre.
The ogre is moderately wounded.
You shoot an arrow.
The arrow hits the ogre but does no damage.
The ogre is moderately wounded.
You shoot an arrow. The arrow hits the ogre.
The ogre is moderately wounded.
You shoot an arrow. The arrow hits the ogre!
The ogre is severely wounded.
You shoot an arrow. The arrow barely misses the ogre.
The ogre hits you with a +0 giant club!!
Ouch! That really hurt!
You are too injured to fight recklessly!
You are too injured to fight recklessly!
You shoot an arrow. The arrow hits the ogre!
The ogre is almost dead.
The ogre barely misses you.
You shoot an arrow. The arrow hits the ogre.
The ogre is almost dead.
You shoot an arrow. The arrow barely misses the ogre.
The ogre misses you.
You shoot an arrow. The arrow barely misses the ogre.
The ogre closely misses you.
You shoot an arrow. The arrow barely misses the ogre.
The ogre hits you with a +0 giant club.
You shoot an arrow. The arrow barely misses the ogre.
The ogre hits you with a +0 giant club!!
Ouch! That really hurt!
You die...

###############++#########
≈≈≈≈≈≈≈≈≈≈≈≈~~.....~≈≈≈≈≈≈
≈≈≈≈≈≈≈≈≈≈≈≈~.....~~≈≈≈≈≈≈
~~~≈~~~~≈~~~~...(.~~≈~~~~~
~~~..~~~~~.~.~.....~.~~.~~
.................†........
.[......O@................
#####................###
#..#.###....#.#.....
.......# #....#.#(.###
..####.#.# #.........#
...##...#.....#.## ###.#
######.###(# ..# #.# #.#
### #.# #(#


You could see an ogre.

Vanquished Creatures
  Menkaure (D:4)
  2 ogres (D:5)
  2 scorpions
  3 jellies
  An iguana (D:5)
  2 adders
  3 gnolls (D:4)
  A white imp (D:5)
  3 ufetubi
  2 worms
  3 dart slugs
  8 orcs
  4 ball pythons
  2 bats
  5 endoplasms
  9 giant cockroaches
  9 goblins
  5 hobgoblins
  5 jackals
  A quokka (D:1)
  4 frilled lizards
  9 kobolds
  8 rats (D:1)
  4 toadstools (D:4)
96 creatures vanquished.

Vanquished Creatures (others)
  10 fungi (D:4)
10 creatures vanquished.

Grand Total: 106 creatures vanquished

Notes
Turn   | Place    | Note
-------+----------+-------------------------------------------
     0 | D:1      | Legacy the Spriggan Hunter began the quest for the Orb.
     0 | D:1      | Reached XP level 1. HP: 10/10 MP: 2/2
     0 | D:1      | Noticed a jelly
     0 | D:1      | Noticed a jelly
     1 | D:1      | Found a runed translucent door.
   265 | D:1      | Reached XP level 2. HP: 15/15 MP: 3/3
  1074 | D:1      | Reached XP level 3. HP: 16/18 MP: 4/4
  1113 | D:1      | Reached skill level 5 in Ranged Weapons
  1113 | D:1      | Reached XP level 4. HP: 23/23 MP: 5/5
  1268 | D:2      | Found a faded altar of an unknown god.
  1593 | D:2      | You fall into a shaft and drop 1 floor!
  1636 | D:3      | Identified the +1 robe of Bumim {+Blink rElec Str-5 Stlth+}
  1987 | D:3      | Found a sacrificial altar of Ru.
  2059 | D:3      | Reached XP level 5. HP: 27/27 MP: 6/6
  2101 | D:3      | Learned a level 3 spell: Swiftness
  2354 | D:3      | Found Leptum's Assorted Antiques.
  3103 | D:4      | Noticed Menkaure
  3113 | D:4      | Killed Menkaure
  3114 | D:4      | Reached skill level 6 in Ranged Weapons
  3114 | D:4      | Reached skill level 1 in Spellcasting
  3114 | D:4      | Reached XP level 6. HP: 9/32 MP: 9/9
  3770 | D:5      | Entered Level 5 of the Dungeon
  3913 | D:5      | Reached XP level 7. HP: 36/36 MP: 11/11
  4210 | D:5      | Demolished by an ogre

Illustrated notes

Levels and vault maps discovered:
D:1:      dpeg_arrival_caged_fury, layout_basic, minmay_tetromino_t2
D:2:      layout_loops_ring, basic_ecumenical_altar, minmay_cupped
D:3:      layout_basic, mainiacjoe_overflow_brackets, serial_shops,
          nicolae_shop_behind_doors
D:4:      layout_basic, chequers_mini_garden, minmay_gold_behind_fungi,
          grunt_tough_drop, uniq_menkaure
D:5:      minmay_goblin_kobold_castle, layout_loops_ring,
          mainiacjoe_overflow_six_doors_small, nicolae_tso_swordbearing_angel,
          uniq_pikel

Skill      XL: |  1  2  3  4  5  6  7 |
---------------+----------------------+-----
Stealth        | 2 3 4 |  4.1
Fighting       | 2 3 |  3.5
Dodging        | 3 4 |  4.0
Ranged Weapons | 5 6 |  6.8
Spellcasting   | 1 2 3 |  3.0
Evocations     | |  0.1

Action                     |  1- 3 |  4- 6 |  7- 9 || total
---------------------------+-------+-------+-------++-------
   Fire: Shortbow          |    75 |   207 |    55 ||   337
  Evoke: Wand              |       |     3 |       ||     3
    Use: Scroll            |       |     4 |       ||     4
         Potion            |       |     1 |       ||     1
 Armour: Robe              |     6 |    14 |     4 ||    24
  Dodge: Dodged            |    39 |   145 |    40 ||   224

Table legend: (Time is in decaauts)
 A = Elapsed time spent in this place.
 B = Non-inter-level travel time spent in this place.
 C = Inter-level travel time spent in this place.
 D = Time resting spent in this place.
 E = Time spent auto-exploring this place.
 F = Levels seen in this place.
 G = Mean time per level.
                   A        B        C        D        E       F      G
               +--------+--------+--------+--------+--------+-----+--------+
         Total |   3165 |   3056 |    109 |    961 |      0 |   5 |  633.0 |
       Dungeon |   3165 |   3056 |    109 |    961 |      0 |   5 |  633.0 |
               +--------+--------+--------+--------+--------+-----+--------+

Top non-repeatable levels by time:
     D:4: 940 daAuts
     D:1: 840 daAuts
     D:3: 694 daAuts
     D:5: 362 daAuts
     D:2: 327 daAuts
